 Dungeon Crawl Stone Soup version 0.29-a0-582-ge82337ba6a (webtiles) character file.

Game seed: 7025268997641616832

7599 Pooter the Cleaver (level 10, -7/94 HPs)
             Began as a Minotaur Berserker on June 14, 2022.
             Was a Priest of Trog.
             Mangled by Erolcha
             ... wielding a +0 giant club
              (33 damage)
             ... on level 10 of the Dungeon.
             The game lasted 01:03:10 (9204 turns).

Pooter the Cleaver (Minotaur Berserker)             Turns: 9204, Time: 01:03:11

Health: -7/94      AC: 14    Str: 24    XL:     10   Next: 97%
Magic:  9/9        EV:  7    Int:  6    God:    Trog [***...]
Gold:   17         SH:  5    Dex: 10    Spells: 9/9 levels left

rFire   . . .      SeeInvis .   a - +2 war axe
rCold   . . .      Faith    .   r - +2 buckler
rNeg    . . .      Spirit   .   K - +1 plate armour
rPois   .          Reflect  .   (helmet restricted)
rElec   .          Harm     .   j - +0 cloak
rCorr   .          Rampage  .   v - +0 pair of gloves
Will    .....                   (no boots)
Stlth   ..........              n - amulet of regeneration
HPRegen 1.05/turn               (no ring)
MPRegen 0.11/turn               (no ring)

@: on berserk cooldown, slowed, very slow
A: horns 2, retaliatory headbutt
a: Renounce Religion, Berserk, Trog's Hand


You were on level 10 of the Dungeon.
You worshipped Trog.
Trog was most pleased with you.
You visited 1 branch of the dungeon, and saw 10 of its levels.
You also visited: Sewer.

You collected 613 gold pieces.
You spent 596 gold pieces at shops.

Inventory:

Hand Weapons
 a - a +2 war axe (weapon)
   (You took it off an orc on level 3 of the Dungeon)
 b - a +0 hand crossbow
   (You took it off a kobold on level 9 of the Dungeon)
 J - a +1 trident of venom
   (You took it off an orc on level 7 of the Dungeon)
Missiles
 l - 38 poisoned darts
 B - 10 boomerangs (quivered)
 M - 5 javelins
 Q - 185 stones
Armour
 j - a +0 cloak (worn)
   (You found it on level 1 of the Dungeon)
 r - a +2 buckler (worn)
   (You found it on level 1 of the Dungeon)
 v - a +0 pair of gloves (worn)
   (You found it on level 4 of the Dungeon)
 I - a +0 chain mail of poison resistance
   (You found it on level 4 of the Dungeon)
 K - a +1 plate armour (worn)
   (You took it off an orc warrior on level 8 of the Dungeon)
Jewellery
 n - an amulet of regeneration (around neck)
   (You found it on level 2 of the Dungeon)
 H - an amulet of the acrobat
   (You found it on level 6 of the Dungeon)
Wands
 d - a wand of iceblast (10)
   (You took it off Ijyb on level 3 of the Dungeon)
 f - a wand of flame (18)
   (You took it off Natasha on level 3 of the Dungeon)
 D - a wand of digging (3)
   (You found it on level 7 of the Dungeon)
Scrolls
 e - 2 scrolls of fear
 k - a scroll of poison {!r}
 m - 4 scrolls of blinking
 p - a scroll of silence
 t - 6 scrolls of teleportation {@r4}
 u - 2 scrolls of noise {!r}
 F - 2 scrolls of immolation {!r}
 G - a scroll of magic mapping
Potions
 c - 5 potions of heal wounds {@q2}
 g - 6 potions of curing {@q1}
 h - a potion of ambrosia
 o - 3 potions of attraction {!q}
 q - 2 potions of resistance
 s - a potion of mutation {unknown}
 x - 4 potions of flight
 z - 3 potions of cancellation
 A - 4 potions of lignification {!q}
 C - a potion of berserk rage {unknown}
 E - a potion of might
 L - a potion of invisibility {unknown}
 N - a potion of magic
Miscellaneous
 y - a tin of tremorstones (1/2)
   (You found it on level 9 of the Dungeon)


   Skills:
 + Level 10.6 Fighting
 * Level 12.7 Axes
 * Level 1.0 Crossbows
 - Level 5.9 Throwing
 - Level 2.4 Armour
 - Level 4.0 Dodging
 - Level 2.7 Stealth
 + Level 6.6 Evocations


You had 9 spell levels left.
You didn't know any spells.
Your spell library was empty.

Dungeon Overview and Level Annotations

Branches:
Dungeon (10/15)            Temple (0/1) D:7           Sewer (visited)
   Lair: D:8-11         Orc: D:9-12

Altars:
Hepliaklqana
Kikubaaqudgha
Okawaru
Sif Muna
Vehumet
Wu Jian
Yredelemnul
Zin

Shops:
D:1 !*   D:4 *   D:5 *

Portals:
Trove: D:10 (show slimy rune of Zot)

Annotations:
D:10 Erolcha


Innate Abilities, Weirdness & Mutations

You have a pair of horns on your head.
You reflexively headbutt those who attack you in melee.


Message History

The bolt hits Erolcha but does no damage.
You shoot a bolt. The bolt hits Erolcha.
a - a +2 war axe (weapon)
You feel the effects of Trog's Hand fading.
Erolcha hits you with a +0 giant club!
You hit Erolcha but do no damage. You headbutt Erolcha. You hit Erolcha.
Erolcha screams, "DIE!"
Erolcha casts a spell.
Erolcha flickers and vanishes!
Deactivating autopickup; reactivate with Ctrl-A.
You hit something. Something hits you!
A red film seems to cover your vision as you go berserk!
You feel yourself moving faster!
You feel mighty! You block something's attack.
A gnoll comes into view. It is wielding a +0 flail.
You miss something. You slash something! You barely miss something.
You hear some strange, mumbled words.
Found a portal to a secret trove of treasure.
Your skin stops crawling.
You feel less strong-willed.
Found 5 stones and a scroll of enchant weapon.
You feel a strong urge to attack something.
You are no longer berserk.
You are exhausted.
You feel yourself slow down.
You hear some strange, mumbled words.
A fireball appears from out of thin air!
The fireball explodes!
The fireball engulfs you!
You hear a shout! x2
You block something's attack.
Okay, then.
You hit something but do no damage. Your headbutt misses something.
You slash something! Your headbutt misses something. Something hits you!
You closely miss something. Something hits you.
You hit something but do no damage. Something hits you!
* * * LOW HITPOINT WARNING * * *
You closely miss something. Your headbutt misses something. Something hits you!
* * * LOW HITPOINT WARNING * * *
The gnoll hits you with a +0 flail!
* * * LOW HITPOINT WARNING * * *
You slash something! You headbutt something! You hit the gnoll.
The gnoll hits you but does no damage. Something hits you!!
You die...

,,,,,,,,,,,..##.......##......,,.
,,,,,,,,,,,............####.###*,
******,,,,,,,##.......##**#.#***,
*,,,,,,,#........#*,,...,**,
*,,,****#........#*,,...,**,
*,,,* #...##...#*,,...,**, *****
#...###.##*,,,,,,**,
#..g#*....,,,,,,,**,
**********#..@#*.....,,,,,,***
*,,,,,......{.#*,.....,*,***
*,,,,,........#***..##**,*
****,,,,,....).?.# **,* *,*
,,**,,,,,..##.∩..# *,****,***
,,,,,,,,,..*#?.(.# **,*,,,,,,*
,***,,,,,,,*....## *,,,,,,,,,*
,***,,,,,,,#.###* *,,,,,,,,,*
,,,,,,,,,,,*,********,,,,,,,*****


You could see a gnoll.

Vanquished Creatures
  4 two-headed ogres
  Psyche (D:8)
  Grinder (D:3)
  Sigmund (D:3)
  3 yaks (D:9)
  Grum (D:9)
  2 steam dragons
  An acid dragon (D:9)
  3 water moccasins (D:6)
  2 black bears
  3 orc warriors
  2 ice beasts
  A sky beast (D:7)
  3 wolves
  An ogre (D:5)
  A phantom (D:6)
  5 kobold brigands
  4 bullfrogs
  A gnoll sergeant (D:9)
  2 necrophages
  4 wights (D:9)
  5 scorpions
  2 howler monkeys
  3 hounds
  A jelly (D:7)
  2 orc priests
  Ijyb (D:3)
  5 iguanas
  Natasha (thrice) (D:3)
  8 orc wizards
  9 gnolls
  A river rat (Sewer)
  14 adders
  A shadow imp (D:4)
  A white imp (D:7)
  A dart slug (D:2)
  5 worms
  25 orcs
  9 endoplasms
  4 giant cockroaches
  8 goblins
  8 hobgoblins
  4 jackals
  3 quokkas
  10 ball pythons
  6 bats
  8 frilled lizards
  15 kobolds
  8 rats
  A spectral orc (D:3)
217 creatures vanquished.

Vanquished Creatures (others)
  An orc wizard (D:9)
  4 fungi (D:1)
  7 plants (D:1)
12 creatures vanquished.

Grand Total: 229 creatures vanquished

Notes
Turn   | Place    | Note
-------+----------+-------------------------------------------
     0 | D:1      | Pooter the Minotaur Berserker began the quest for the Orb.
     0 | D:1      | Reached XP level 1. HP: 19/19 MP: 0/0
   464 | D:1      | Reached XP level 2. HP: 25/27 MP: 1/1
   598 | D:1      | Found a faded altar of an unknown god.
   649 | D:1      | Found Acinni's Assorted Antiques.
   694 | D:1      | Found Ganip's Distillery.
   833 | D:1      | Bought a scroll labelled ASTIOM OT VAMN for 27 gold pieces
  1275 | D:2      | Reached XP level 3. HP: 33/33 MP: 2/2
  1305 | D:2      | Reached skill level 4 in Axes
  1399 | D:2      | Reached skill level 1 in Stealth
  1465 | D:2      | Reached ** piety under Trog
  1745 | D:3      | Noticed Sigmund
  1763 | D:3      | Noticed Natasha
  1772 | D:3      | Killed Natasha
  1773 | D:3      | Reached XP level 4. HP: 41/41 MP: 3/3
  1838 | D:3      | Noticed Ijyb
  1854 | D:3      | Killed Ijyb
  1862 | D:3      | Reached skill level 5 in Fighting
  1927 | D:3      | Noticed Grinder
  1927 | D:3      | Paralysed by Grinder for 5 turns
  1949 | D:3      | Paralysed by Grinder for 4 turns
  1956 | D:3      | Killed Grinder
  1957 | D:3      | Reached skill level 1 in Evocations
  1957 | D:3      | Reached XP level 5. HP: 50/50 MP: 4/4
  1957 | D:3      | Reached XP level 6. HP: 56/57 MP: 5/5
  2004 | D:3      | Noticed Natasha
  2016 | D:3      | Killed Natasha
  2032 | D:3      | Killed Sigmund
  2032 | D:3      | Noticed Natasha
  2033 | D:3      | Reached skill level 5 in Axes
  2078 | D:3      | Killed Natasha
  2187 | D:3      | Reached XP level 7. HP: 64/64 MP: 6/6
  2417 | D:3      | Found a hazy altar of Hepliaklqana.
  2599 | D:4      | Found Bikhleh's Gadget Gallery.
  2694 | D:1      | Bought a scroll labelled DUAFEI TOXOYGG for 27 gold pieces
  2694 | D:1      | Bought a silvery potion for 24 gold pieces
  2694 | D:1      | Bought a bubbling amethyst potion for 24 gold pieces
  2694 | D:1      | Bought a scroll labelled MILARU JIACLAUPUT for 27 gold
                  | pieces
  2694 | D:1      | Bought a scroll labelled XONAERI KAYRGH for 27 gold pieces
  2881 | D:4      | Reached skill level 1 in Throwing
  3153 | D:4      | Reached *** piety under Trog
  3243 | D:1      | Bought a potion of might for 56 gold pieces
  3393 | D:5      | Entered Level 5 of the Dungeon
  3403 | D:5      | Reached skill level 6 in Axes
  3406 | D:5      | Found Nierraiph's General Store.
  3428 | D:5      | Bought a scroll of identify for 22 gold pieces
  3428 | D:5      | Bought a scroll of identify for 22 gold pieces
  3428 | D:5      | Bought a scroll of identify for 22 gold pieces
  3593 | D:5      | Bought a potion of attraction for 33 gold pieces
  3817 | D:5      | Reached XP level 8. HP: 73/73 MP: 7/7
  3916 | D:5      | Bought a potion of lignification for 33 gold pieces
  4109 | D:5      | Reached skill level 7 in Axes
  4315 | D:6      | Found a glowing drain.
  4359 | Sewer    | Entered a sewer
  4453 | Sewer    | Found a white marble altar of Elyvilon.
  4635 | D:6      | Reached skill level 8 in Axes
  4804 | D:6      | Reached XP level 9. HP: 81/81 MP: 8/8
  5108 | D:6      | Reached skill level 9 in Axes
  5187 | D:6      | Reached **** piety under Trog
  5394 | D:1      | Bought a potion of cancellation for 112 gold pieces
  5876 | D:7      | Found a staircase to the Ecumenical Temple.
  6499 | D:8      | Reached skill level 10 in Axes
  6505 | D:8      | Noticed a two-headed ogre
  6658 | D:8      | Killed a two-headed ogre
  6659 | D:8      | Reached skill level 5 in Throwing
  6659 | D:8      | Reached skill level 5 in Evocations
  6756 | D:8      | Noticed Psyche
  6765 | D:8      | Killed Psyche
  6766 | D:8      | Reached XP level 10. HP: 91/91 MP: 9/9
  7537 | D:9      | Noticed a two-headed ogre
  7550 | D:9      | Noticed a two-headed ogre
  7557 | D:9      | Killed a two-headed ogre
  7558 | D:9      | Reached skill level 11 in Axes
  7562 | D:9      | Killed a two-headed ogre
  7656 | D:9      | Reached skill level 10 in Fighting
  7705 | D:9      | Found a shimmering blue altar of Sif Muna.
  7706 | D:9      | Found a basalt altar of Yredelemnul.
  7706 | D:9      | Found a radiant altar of Vehumet.
  7757 | D:9      | Noticed a two-headed ogre
  7767 | D:9      | Killed a two-headed ogre
  7767 | D:9      | Noticed Grum
  7768 | D:9      | Reached skill level 12 in Axes
  7984 | D:9      | Killed Grum
  8187 | D:9      | Upgraded the game from 0.29-a0-577-gafbf2c5d25 to
                  | 0.29-a0-582-ge82337ba6a
  8228 | D:9      | Found a glowing silver altar of Zin.
  8230 | D:9      | Found an iron altar of Okawaru.
  8230 | D:9      | Found an ancient bone altar of Kikubaaqudgha.
  8259 | D:9      | Found an ornate altar of the Wu Jian Council.
  8357 | D:9      | Reached skill level 1 in Crossbows
  8558 | D:1      | Bought a potion of resistance for 140 gold pieces
  9167 | D:10     | Entered Level 10 of the Dungeon
  9183 | D:10     | Noticed Erolcha
  9195 | D:10     | Found a portal to a secret trove of treasure.
  9204 | D:10     | Mangled by Erolcha

Illustrated notes

Levels and vault maps discovered:
D:1:      dpeg_arrival_water_fire, layout_basic, serial_shops, shop, shop,
          shapermc_ecumenical_altar_mp_ritualfount, minmay_pentomino_p4
D:2:      minmay_wonky_spiral, layout_rooms
D:3:      layout_rooms, nicolae_hepliaklqana_monster_ancestors, hex_tiny,
          minmay_misc_feat_square, minmay_snake_closets, uniq_grinder,
          uniq_natasha, uniq_sigmund, uniq_ijyb
D:4:      layout_rooms, nicolae_shop_gadgets
D:5:      layout_loops_cross, serial_shops, shop_coins, grunt_ministairs_14,
          minmay_misc_feat_room, nicolae_sextant
D:6:      layout_gridville, cheibrodos_sewer_entry_drain,
          kennysheep_cross_bottleneck, nrook_pool_corridor, grunt_ministairs_2,
          minivault_22
D:7:      layout_cave_pools, minmay_temple_entry_crystal_x, grunt_ministairs_13,
          minmay_misc_feat_rugged
D:8:      layout_basic, uniq_psyche
D:9:      hellmonk_ruined_rings, layout_long_grid, grunt_temple_overflow_open,
          uniq_grum
D:10:     layout_basic, nicolae_trove_entry_free_sample, enter_bailey_3,
          minmay_shattered_shrine, uniq_erolcha

Skill      XL: |  1  2  3  4  5  6  7  8  9 10 |
---------------+-------------------------------+-----
Fighting       | 4 5 6 7 8 9 10 | 10.6
Axes           | 4 5 6 8 10 12 | 12.7
Stealth        | 1 2 |  2.7
Dodging        | 3 4 |  4.0
Evocations     | 1 2 4 5 6 |  6.6
Throwing       | 2 3 5 |  5.9
Crossbows      | 1 |  1.0
Armour         | |  2.4

Action                   |  1- 3 |  4- 6 |  7- 9 | 10-12 || total
-------------------------+-------+-------+-------+-------++-------
Melee: Hand axe          |    73 |    57 |    24 |       ||   154
       Headbutt          |    13 |     9 |    41 |    18 ||    81
       War axe           |       |       |   242 |   110 ||   352
 Fire: Hunting sling     |     4 |       |    21 |     4 ||    29
       Hand crossbow     |       |       |       |    13 ||    13
Throw: Stone             |     5 |     2 |       |       ||     7
       Dart              |     5 |     2 |     3 |     1 ||    11
       Boomerang         |       |     4 |    41 |     7 ||    52
       Javelin           |       |       |    16 |     9 ||    25
Invok: Berserk           |     2 |     3 |     3 |     7 ||    15
       Trog's Hand       |       |     2 |     7 |     8 ||    17
Evoke: Wand              |       |       |     6 |     1 ||     7
       Tin of tremorston |       |       |       |     1 ||     1
  Use: Scroll            |     6 |       |    10 |     4 ||    20
       Potion            |       |     1 |     1 |       ||     2
Armor: Chain mail        |    33 |    14 |   132 |       ||   179
       Plate armour      |       |       |     2 |    52 ||    54
Dodge: Dodged            |    26 |    20 |   104 |    36 ||   186
Block: Buckler           |    11 |     7 |    49 |    27 ||    94

Table legend: (Time is in decaauts)
 A = Elapsed time spent in this place.
 B = Non-inter-level travel time spent in this place.
 C = Inter-level travel time spent in this place.
 D = Time resting spent in this place.
 E = Time spent auto-exploring this place.
 F = Levels seen in this place.
 G = Mean time per level.
                   A        B        C        D        E       F      G
               +--------+--------+--------+--------+--------+-----+--------+
         Total |   9519 |   8299 |   1220 |   1216 |   5026 |  11 |  865.4 |
       Dungeon |   9287 |   8067 |   1220 |   1216 |   4938 |  10 |  928.7 |
         Sewer |    232 |    232 |      0 |      0 |     88 |   1 |  232.0 |
               +--------+--------+--------+--------+--------+-----+--------+

Top non-repeatable levels by time:
     D:1: 1526 daAuts
     D:8: 1506 daAuts
     D:9: 1279 daAuts
     D:6: 1002 daAuts
     D:3: 999 daAuts
     D:5: 958 daAuts
     D:2: 684 daAuts
     D:4: 656 daAuts
     D:7: 636 daAuts
   Sewer: 232 daAuts
    D:10: 37 daAuts
